 Dungeon Crawl Stone Soup version 0.28-a0-429-g1448048969 (webtiles) character file.

Game seed: 9140817829756015611

1554 fhlehflkefkefkle the Geomancer (level 8, -6/43 HPs)
             Began as a Gargoyle Earth Elementalist on Sept 10, 2021.
             Mangled by a shadow (23 damage)
             ... on level 5 of the Dungeon.
             The game lasted 00:13:40 (3885 turns).

fhlehflkefkefkle the Geomancer (GrEE)               Turns: 3885, Time: 00:13:40

Health: -6/43      AC: 12    Str: 11    XL:     8   Next: 88%
Magic:  12/16      EV: 12    Int: 19    God:
Gold:   265        SH:  0    Dex: 16    Spells: 14/18 levels left

rFire   . . .      SeeInvis .   j - +0 flail (venom)
rCold   . . .      Faith    .   (no shield)
rNeg    + . .      Spirit   .   b - +1 robe
rPois   ∞          Reflect  .   m - +2 hat
rElec   +          Harm     .   (no cloak)
rCorr   .          Rampage  .   (no gloves)
Will    .....                   l - +1 pair of boots
Stlth   ++........              d - amulet of regeneration
HPRegen 1.14/turn               f - +6 ring of dexterity
MPRegen 0.15/turn               (no ring)

@: no status effects
A: sickness immunity, AC +5, negative energy resistance 1, electricity
resistance, torment resistance 1, petrification resistance
a: no special abilities


You were on level 5 of the Dungeon.
You visited 1 branch of the dungeon, and saw 5 of its levels.
You also visited: Sewer.

You collected 265 gold pieces.

Inventory:

Hand Weapons
 e - a +0 short sword
 g - a +5 falchion
 j - a +0 flail of venom (weapon)
 k - a +0 flail
 o - a +0 whip of electrocution
Missiles
 c - 34 stones
Armour
 b - a +1 robe (worn)
 l - a +1 pair of boots (worn)
 m - a +2 hat (worn)
Jewellery
 d - an amulet of regeneration (around neck)
 f - a +6 ring of dexterity (left hand)
Wands
 i - a wand of iceblast (3)
 n - a wand of polymorph (5)
 p - a wand of paralysis (5)
 q - a wand of flame (13)
Scrolls
 a - 3 scrolls of teleportation
Potions
 h - 4 potions of curing
 r - a potion of invisibility {unknown}
 s - a potion of heal wounds {unknown}
 t - a potion of haste


   Skills:
 + Level 1.3 Fighting
 + Level 1.2 Maces & Flails
 + Level 1.3 Armour
 + Level 2.1 Dodging
 - Level 2.1 Stealth
 + Level 5.8 Spellcasting
 + Level 5.8 Conjurations
 - Level 0.7 Transmutations
 + Level 8.1 Earth Magic
 + Level 1.1 Evocations


You had 14 spell levels left.
You knew the following spells:

 Your Spells              Type           Power      Damage    Failure   Level
a - Sandblast             Erth           72%        2d16      1%          1
b - Stone Arrow           Conj/Erth      64%        3d11      1%          3

Your spell library contained the following spells:

 Spells                   Type           Power      Damage    Failure   Level
 Passwall                 Tmut/Erth      18%        N/A       2%          2
 Shock                    Conj/Air       64%        1d7       3%          1
 Petrify                  Tmut/Erth      22%        N/A       19%         4
 Swiftness                Air            5%         N/A       34%         3
 Airstrike                Air            2%         N/A       75%         4


Dungeon Overview and Level Annotations

Branches:
Dungeon (5/15)              Sewer (visited)
 Temple: D:4-7

Altars:
Fedhas
Kikubaaqudgha
Xom
Beogh


Innate Abilities, Weirdness & Mutations

You are immune to sickness and miasma.
Your stone body is resilient. (AC +5)
You are immune to poison.
You resist negative energy. (rN+)
You are resistant to electric shocks. (rElec)
You are resistant to unholy torment.
You are immune to petrification.


Message History

That would be overly suicidal.
Okay, then.
Casting: Sandblast (safe; 1% risk of failure)
Confirm with . or Enter, or press ? or * to list all spells.
Aiming: Sandblast (safe; 1% risk of failure)
Press: ? - help, Shift-Dir - straight line, f - you That would be overly suicidal.
Okay, then.
Unknown command.
Unknown command.
Unknown command.
Unknown command.
Casting: Sandblast (safe; 1% risk of failure)
Confirm with . or Enter, or press ? or * to list all spells.
Aiming: Sandblast (safe; 1% risk of failure)
Press: ? - help, Shift-Dir - straight line The blast of sand hits something.
Casting: Sandblast (safe; 1% risk of failure)
Confirm with . or Enter, or press ? or * to list all spells.
Aiming: Sandblast (safe; 1% risk of failure)
Press: ? - help, Shift-Dir - straight line The blast of sand hits something but does no damage.
The shadow strikes at you from the darkness!
Reactivating autopickup.
Casting: Sandblast (safe; 1% risk of failure)
Confirm with . or Enter, or press ? or * to list all spells.
Aiming: Sandblast (safe; 1% risk of failure)
Press: ? - help, Shift-Dir - straight line The blast of sand misses the shadow.
The shadow slips into darkness.
The shadow flickers and vanishes!
Deactivating autopickup; reactivate with Ctrl-A.
Casting: Sandblast (safe; 1% risk of failure)
Confirm with . or Enter, or press ? or * to list all spells.
Aiming: Sandblast (safe; 1% risk of failure)
Press: ? - help, Shift-Dir - straight line The blast of sand hits something but does no damage.
The shadow strikes at you from the darkness!
Ouch! That really hurt!
You die...

#.# ##.≈≈..≈≈≈.≈#
.# #.#
##########..#
##.## #####.# #.#
#.# #.#.#####...#
.....<# #.#
#.###.#..........
####### #.#
#.......#####...#
.# #.# #####.###
##.## ## #.# #.#
.# # #.#######.#
.# #...@{....# .#
########### .# .#


There were no monsters in sight!

Vanquished Creatures
  Pikel (D:3)
  Sigmund (D:2)
  Menkaure (D:5)
  A water moccasin (Sewer)
  A black bear (D:4)
  A necrophage (D:3)
  The ghost of Atelerd the Sneak, an amateur OpEE (D:3)
  Blork the orc (D:5)
  A scorpion (D:5)
  A howler monkey (D:3)
  A bullfrog skeleton (D:4)
  A jelly (D:5)
  An orc wizard (D:4)
  2 iguanas
  A hound skeleton (D:4)
  4 gnolls (D:2)
  4 adders
  2 river rats (D:3)
  An adder skeleton (D:4)
  A worm (D:2)
  16 orcs
  8 bats
  8 endoplasms
  9 giant cockroaches
  6 goblins
  4 hobgoblins
  2 jackals (D:1)
  4 kobolds
  4 quokkas
  3 ball pythons
  3 frilled lizards
  7 rats
102 creatures vanquished.

Vanquished Creatures (others)
  An iguana (D:3)
  2 adders (D:3)
  2 orcs (D:3)
  A goblin (D:3)
  A hobgoblin (D:3)
  A quokka (D:3)
  A ball python (D:3)
  A bat (D:3)
  A rat (D:3)
  5 fungi (D:2)
  7 plants (D:2)
23 creatures vanquished.

Grand Total: 125 creatures vanquished

Notes
Turn   | Place    | Note
-------+----------+-------------------------------------------
     0 | D:1      | fhlehflkefkefkle the Gargoyle Earth Elementalist began the
                  | quest for the Orb.
     0 | D:1      | Reached XP level 1. HP: 10/10 MP: 3/3
   156 | D:1      | Reached XP level 2. HP: 5/15 MP: 1/5
   226 | D:1      | Reached skill level 4 in Earth Magic
   576 | D:2      | Reached XP level 3. HP: 19/19 MP: 4/7
   589 | D:2      | Learned a level 3 spell: Stone Arrow
   798 | D:2      | Reached XP level 4. HP: 24/24 MP: 5/8
   803 | D:2      | Reached skill level 1 in Conjurations
   803 | D:2      | Reached skill level 5 in Earth Magic
   962 | D:2      | Found a faded altar of an unknown god.
  1117 | D:2      | Reached XP level 5. HP: 28/28 MP: 10/10
  1262 | D:2      | Noticed Sigmund
  1275 | D:2      | Killed Sigmund
  1276 | D:2      | Reached XP level 6. HP: 32/32 MP: 7/12
  1542 | D:3      | Found an ancient bone altar of Kikubaaqudgha.
  1621 | D:3      | Found a blossoming altar of Fedhas.
  1835 | D:3      | Found a shimmering altar of Xom.
  2003 | D:3      | Reached skill level 6 in Earth Magic
  2007 | D:3      | Found a glowing drain.
  2124 | D:3      | Found a runed translucent gate.
  2125 | D:3      | Identified the +6 scale mail of Untruth {rCorr}
  2126 | D:3      | Found a runed translucent gate.
  2127 | D:3      | Found a runed translucent gate.
  2128 | D:3      | Noticed Atelerd's ghost (amateur OpEE)
  2756 | D:3      | Killed Atelerd's ghost
  2861 | D:4      | Noticed a necrophage
  2869 | D:4      | Reached XP level 7. HP: 36/36 MP: 5/13
  2950 | D:4      | Noticed Pikel
  3111 | D:3      | Killed Pikel
  3112 | D:3      | Reached skill level 5 in Spellcasting
  3112 | D:3      | Reached skill level 5 in Conjurations
  3112 | D:3      | Reached skill level 7 in Earth Magic
  3112 | D:3      | Reached XP level 8. HP: 33/41 MP: 10/16
  3456 | D:5      | Entered Level 5 of the Dungeon
  3461 | D:5      | Noticed Blork the orc
  3468 | D:5      | Killed Blork the orc
  3609 | D:5      | Noticed Menkaure
  3611 | D:5      | Killed Menkaure
  3612 | D:5      | Reached skill level 1 in Fighting
  3612 | D:5      | Reached skill level 1 in Armour
  3612 | D:5      | Reached skill level 8 in Earth Magic
  3672 | D:5      | Reached skill level 1 in Maces & Flails
  3683 | D:5      | Found a glowing drain.
  3694 | Sewer    | Entered a sewer
  3749 | Sewer    | Reached skill level 1 in Evocations
  3865 | D:5      | Noticed a shadow
  3885 | D:5      | Mangled by a shadow

Illustrated notes

Levels and vault maps discovered:
D:1:      psy_arrival_terrarium, layout_rooms, minmay_misc_feat_enclosed
D:2:      layout_basic, shapermc_ecumenical_altar_mp_urbaneastern,
          minmay_misc_feat_roman, serial_park_tiny_2, uniq_sigmund
D:3:      layout_basic, xom_confusion_cloud, overflow_temple_1_default,
          fedhas_ov_isle_minmay, biasface_ghost_orc_armoury,
          gup_sewer_entry_spiral, nicolae_underground_beach
D:4:      layout_rooms, uniq_pikel
D:5:      layout_loops_corners, nicolae_overflow_crystal_walls,
          minmay_temple_entry_statues, gup_sewer_entry_pipe,
          due_unseen_surprise, uniq_blork_the_orc, uniq_menkaure

Skill      XL: |  1  2  3  4  5  6  7  8 |
---------------+-------------------------+-----
Earth Magic    | 4 5 6 7 8 |  8.1
Spellcasting   | 3 4 5 |  5.8
Conjurations   | 1 2 3 5 |  5.8
Fighting       | 1 |  1.3
Armour         | 1 |  1.3
Maces & Flails | 1 |  1.2
Dodging        | 2 |  2.1
Evocations     | 1 |  1.1
Stealth        | |  2.1
Transmutations | |  0.7

Action                   |  1- 3 |  4- 6 |  7- 9 || total
-------------------------+-------+-------+-------++-------
Melee: Unarmed           |    21 |       |    15 ||    36
       Short sword       |    33 |    65 |       ||    98
       Flail             |       |    39 |   121 ||   160
 Cast: Sandblast         |    21 |    29 |    13 ||    63
       Stone Arrow       |       |       |     7 ||     7
  Use: Scroll            |     3 |     6 |     1 ||    10
       Potion            |       |     1 |       ||     1
 Stab: Sleeping          |     1 |     4 |       ||     5
Armor: Robe              |    32 |    41 |    86 ||   159
Dodge: Dodged            |    56 |    78 |   107 ||   241

Table legend: (Time is in decaauts)
 A = Elapsed time spent in this place.
 B = Non-inter-level travel time spent in this place.
 C = Inter-level travel time spent in this place.
 D = Time resting spent in this place.
 E = Time spent auto-exploring this place.
 F = Levels seen in this place.
 G = Mean time per level.
                   A        B        C        D        E       F      G
               +--------+--------+--------+--------+--------+-----+--------+
         Total |   3991 |   3645 |    346 |     26 |   2569 |   6 |  665.2 |
       Dungeon |   3870 |   3524 |    346 |     26 |   2554 |   5 |  774.0 |
         Sewer |    121 |    121 |      0 |      0 |     15 |   1 |  121.0 |
               +--------+--------+--------+--------+--------+-----+--------+

Top non-repeatable levels by time:
     D:3: 1546 daAuts
     D:2: 976 daAuts
     D:1: 573 daAuts
     D:4: 443 daAuts
     D:5: 330 daAuts
   Sewer: 121 daAuts
